 Dungeon Crawl Stone Soup version 0.14-a0-1499-g388a102 (webtiles) character file.

378 HollowCharge the Slasher (level 5, -2/37 HPs)
             Began as a High Elf Skald on Dec 15, 2013.
             Slain by Sigmund
             ... wielding a +0,+0 scythe
              (11 damage)
             ... on Level 4 of the Dungeon.
             The game lasted 00:29:37 (3994 turns).

HollowCharge the Slasher (High Elf Skald)           Turns: 3994, Time: 00:29:37

HP  -2/37        AC  5     Str 12      XL: 5   Next: 20%
MP  19/21        EV 11     Int 15      God:
Gold 215         SH  0     Dex 15      Spells:  4 memorised,  1 level left

rFire  . . .     SeeInvis .     a - +0 elf falchion
rCold  . . .     Clarity  .     f - +2 leather armour
rNeg   . . .     Conserve .     (no shield)
rPois  .         rCorr    .     (no helmet)
rElec  .         rRot     .     (no cloak)
SustAb + .       Spirit   .     (no gloves)
rMut   .         Warding  .     (no boots)
Saprov . . .     Stasis   .     (no amulet)
                                m - ring of magical power
                                r - ring of sustain abilities {unknown}

@: regenerating (expiring), slightly resistant to hostile enchantments,
unstealthy
A: no striking features
a: no special abilities


You were on level 4 of the Dungeon.
You were very hungry.

You visited 1 branch of the dungeon, and saw 4 of its levels.

You collected 215 gold pieces.

Inventory:

Hand weapons
 a - a +0,+0 elven falchion (weapon)
Armour
 b - a +0 elven leather armour
 f - a +2 leather armour (worn)
Magical devices
 k - a wand of paralysis (19) {unknown}
 l - a wand of enslavement (9) {unknown}
Comestibles
 d - 3 bread rations
 j - a choko
 o - a meat ration
 p - a rotting chunk of hound flesh
Scrolls
 e - a scroll of remove curse
 h - a scroll of teleportation {unknown}
 n - a scroll of recharging {unknown}
Jewellery
 g - a +3 ring of dexterity {unknown}
 m - a ring of magical power (right hand)
 r - a ring of sustain abilities (left hand) {unknown}
Books
 c - a book of Battle

   Spells                             Type                      Level
   *Infusion                          Charms                       1
   *Shroud of Golubria                Charms/Translocation         2
   *Song of Slaying                   Charms                       2
   Spectral Weapon                    Hexes/Charms                 3
   *Regeneration                      Charms/Necromancy            3


   Skills:
 + Level 3.9 Fighting
 + Level 4.6 Long Blades
 - Level 0.8 Armour
 - Level 1.2 Dodging
 - Level 2.6 Spellcasting
 - Level 3.9 Charms


You had one spell level left.
You knew the following spells:

 Your Spells              Type           Power        Failure   Level  Hunger
a - Infusion              Chrm           ##....       4%          1    #......
b - Song of Slaying       Chrm           ##......     8%          2    ##.....
c - Shroud of Golubria    Chrm/Tloc      #.........   14%         2    ##.....
d - Regeneration          Chrm/Necr      #.........   30%         3    ####...


Dungeon Overview and Level Annotations

Branches:
Dungeon (4/16)
 Temple: D:4-7

Altars:
Yredelemnul

Annotations:
D:4 Sigmund


Message History

You feel much better.
You feel less confused. It hits you!
Casting: Infusion
Confirm with . or Enter, or press ? or * to list all spells.
Your skin crawls.
You swing at nothing.
It hits you. It hits you.
Your skin is crawling a little less now.
There is an escape hatch in the floor here.
You hit it. It hits you!
You hit it.
You hear some strange, mumbled words.
The puff of flame hits you!
You miss it.
You hear some strange, mumbled words.
The puff of flame hits you!
* * * LOW HITPOINT WARNING * * *
You hit it but do no damage. It hits you!
You die...

##########.#
...........#
.#########.########
................#
########.#####.##
#.# #.# #.# #.#
#####.#####.#
#....@#...#.#
#.#####.#.#.#
#.#.#.# #.#.#.#
#.#####.#.#.#
#.<.......#.#
######...##.#
#...##.# #...##.#


There were no monsters in sight!

Vanquished Creatures
  A hound (D:4)
  A scorpion (D:3)
  Terence (D:2)
  4 adders
  2 oozes
  5 orcs (D:3)
  3 giant cockroaches
  5 hobgoblins
  2 ball pythons
  4 bats
  5 giant newts
  6 goblins
  A goblin skeleton (D:4)
  12 kobolds
  9 rats
  A spectral orc (D:2)
62 creatures vanquished.

Notes
Turn   | Place    | Note
--------------------------------------------------------------
     0 | D:1      | HollowCharge, the High Elf Skald, began the quest for the Orb.
     0 | D:1      | Reached XP level 1. HP: 14/14 MP: 4/4
   596 | D:1      | Reached XP level 2. HP: 19/19 MP: 6/6
  1066 | D:1      | Learned a level 2 spell: Song of Slaying
  1069 | D:1      | Learned a level 2 spell: Shroud of Golubria
  1259 | D:2      | Reached XP level 3. HP: 21/25 MP: 8/8
  1641 | D:2      | Noticed Terence
  1657 | D:2      | Killed Terence
  2095 | D:2      | Reached XP level 4. HP: 27/31 MP: 11/11
  2215 | D:2      | Found a basalt altar of Yredelemnul.
  2220 | D:2      | Learned a level 3 spell: Regeneration
  2454 | D:3      | Reached skill level 4 in Long Blades
  3681 | D:4      | Reached XP level 5. HP: 29/37 MP: 12/12
  3970 | D:4      | Noticed Sigmund
  3994 | D:4      | Slain by Sigmund

Action                   |  1- 3 |  4- 6 || total
-------------------------+-------+-------++-------
Melee: Falchion          |   107 |   105 ||   212
 Cast: Infusion          |     9 |     9 ||    18
       Shroud of Golubri |     2 |     3 ||     5
       Regeneration      |       |     6 ||     6
  Use: Scroll            |     6 |     3 ||     9
       Potion            |     2 |     5 ||     7
